[Event "Team 45 45 League T46"]
[Site "Internet Chess Club"]
[Date "2010.08.13"]
[Round "2"]
[White "bowwrestler"]
[Black "Gunter"]
[Result "1-0"]
[WhiteElo "1150"]
[BlackElo "1187"]
[Opening "Philidor: exchange variation"]
[ECO "C41"]
[Time "15:00:31"]
[TimeControl "2700+45"]

1. e4 e5 2. Nf3 d6 3. d4 exd4 4. Nxd4 Nf6 5. Nc3 Be7 6. Bc4 O-O 7. O-O a6 8. Bf4
b5 9. Bd3 Bb7 10. Nf5 Nbd7 11. Re1 Re8 12. e5 dxe5 13. Bxe5 Nxe5 14. Rxe5 Bd6
15. Nxd6 Rxe5 16. Nxb7 Qe7 17. Na5 Re8 18. Nc6 Re1+ 19. Qxe1 Qxe1+ 20. Rxe1
Rxe1+ 21. Bf1 Ne4 22. Nxe4 Rxe4 23. Bd3 Re6 24. Nd4 Re1+ 25. Bf1 Rd1 26. Nc6 Rd2
27. Nb4 c5 28. Nxa6 Rxc2 29. Bxb5 Rc1+ 30. Bf1 f6 31. g3 Kf7 32. Kg2 Ke6 33. Bd3
h6 34. Nc7+ Ke5 35. Nb5 g5 36. Kf3 Rd1 37. Bc4 Rc1 38. b3 Rd1 39. a4 Ra1 40. Na7
Kd6 41. Nc8+ Kd7 42. Nb6+ Kc6 43. Nc8 Kd7 44. Na7 Rc1 45. Nb5 Kc6 46. Kg4 Rc2
47. Kf3 Kd7 48. Na3 Rc3+ 49. Kg2 Rc1 50. Bb5+ Ke7 51. a5 Ra1 52. Nc4 Kd8 53. a6
Kc7 54. Ne3 Ra3 55. Bc4 Kd6 56. Ng4 {Black resigns} 1-0

[Event "Team 45 45 League T46"]
[Site "Internet Chess Club"]
[Date "2010.08.15"]
[Round "2"]
[White "bigdill"]
[Black "KidRattler"]
[Result "0-1"]
[WhiteElo "896"]
[BlackElo "1067"]
[Opening "Giuoco Piano: four knights variation"]
[ECO "C55"]
[Time "15:00:50"]
[TimeControl "2700+45"]

1. e4 e5 2. Nf3 Nc6 3. Bc4 Nf6 4. Nc3 Bc5 5. O-O O-O 6. a3 d6 7. b4 Bb6 8. Na4
Bd7 9. b5 Nd4 10. Nxd4 Bxd4 11. c3 Bc5 12. d4 exd4 13. cxd4 Bb6 14. Bg5 h6 15.
e5 hxg5 16. exf6 Qxf6 17. Qh5 Qg6 18. Be2 Qxh5 19. Bxh5 Bxd4 20. Rad1 Bf6 21.
Rc1 Bxb5 22. Rfe1 Bxa4 23. Rxc7 g6 24. Bf3 Rfe8 25. Bxb7 Rxe1# {White
checkmated} 0-1

[Event "Team 45 45 League T46"]
[Site "Internet Chess Club"]
[Date "2010.08.14"]
[Round "2"]
[White "Just-Jim"]
[Black "Toalla"]
[Result "0-1"]
[WhiteElo "1260"]
[BlackElo "1156"]
[Opening "Caro-Kann defense"]
[ECO "B11"]
[Time "11:36:52"]
[TimeControl "2700+45"]

1. e4 c6 2. Nc3 e6 3. d4 d5 4. Bd3 Bd6 5. Nf3 Ne7 6. e5 Bc7 7. O-O O-O 8. Ng5 h6
9. Nh7 Re8 10. Qg4 Nd7 11. Nf6+ Nxf6 12. exf6 Ng6 13. Bxg6 Qxf6 14. Bh5 e5 15.
dxe5 Bxe5 16. Bd2 Bxg4 17. Bxg4 Bxh2+ 18. Kxh2 Qh4+ 19. Bh3 d4 20. g3 Qh5 21.
Nd1 Re2 22. Bb4 c5 23. Be1 Rae8 24. Nc3 dxc3 25. Bxc3 Rxc2 26. Kg2 Ree2 27. Bc8
Qd5+ 28. Kg1 Qf3 29. Be1 Qxg3+ 30. fxg3 Rg2+ 31. Kh1 Rh2+ 32. Kg1 Rcg2# {White
checkmated} 0-1

[Event "Team 45 45 League T46"]
[Site "Internet Chess Club"]
[Date "2010.08.12"]
[Round "2"]
[White "ffplayer"]
[Black "rgadoury"]
[Result "0-1"]
[WhiteElo "1049"]
[BlackElo "1309"]
[Opening "Queen's pawn game"]
[ECO "A46"]
[Time "21:00:21"]
[TimeControl "2700+45"]

1. d4 Nf6 2. Nf3 d6 3. c4 c6 4. Nc3 Nbd7 5. e4 Nb8 6. Bg5 g6 7. Qc1 Bg7 8. Bh6
Bxh6 9. Qxh6 Bg4 10. Be2 Bxf3 11. Bxf3 Qc7 12. O-O Nbd7 13. Qc1 O-O 14. Qd1 Rfe8
15. Re1 e5 16. d5 cxd5 17. cxd5 a6 18. Rc1 Qa5 19. Rb1 b5 20. a3 Qb6 21. Bg4
Nxg4 22. Qxg4 Nf6 23. Qg3 Kg7 24. b4 Rac8 25. Qe3 Qxe3 26. Rxe3 Rc4 27. h3 Rec8
28. Rc1 Nd7 29. f3 Nb6 30. Ra1 Rxc3 31. Rxc3 Rxc3 32. Ra2 Nc4 33. Kh2 Rxa3 34.
Rxa3 Nxa3 35. Kg1 Nc4 36. Kf2 Nb6 37. Ke2 f5 38. Kd3 f4 39. Ke2 g5 40. Kf2 h5
41. g4 fxg3+ 42. Kxg3 Nc4 43. h4 Kg6 44. hxg5 Kxg5 {White resigns} 0-1

[Event "Team 45 45 League T46"]
[Site "Internet Chess Club"]
[Date "2010.08.17"]
[Round "2"]
[White "chadivision"]
[Black "Newcastler"]
[Result "0-1"]
[WhiteElo "1103"]
[BlackElo "1293"]
[Opening "Sicilian: Smith-Morra gambit"]
[ECO "B21"]
[Time "20:00:56"]
[TimeControl "2700+45"]

1. e4 c5 2. d4 cxd4 3. c3 dxc3 4. Nxc3 e6 5. Nf3 a6 6. Bf4 Qa5 7. a3 b5 8. Bd3
Nc6 9. b4 Qd8 10. Rc1 Bb7 11. O-O d6 12. Qe2 Nf6 13. Rfd1 e5 14. Bg5 Be7 15. Qd2
h6 16. Bh4 Nh5 17. Bxe7 Qxe7 18. Nd5 Qd8 19. Rc3 Nf6 20. Rdc1 Rc8 21. Qe2 O-O
22. h3 Re8 23. Nh2 Nd4 24. Qe3 Rxc3 25. Rxc3 Nxd5 26. exd5 Bxd5 27. Kf1 Qg5 28.
Qe1 Qxg2# {White checkmated} 0-1

[Event "Team 45 45 League T46"]
[Site "Internet Chess Club"]
[Date "2010.08.15"]
[Round "2"]
[White "carolinaknight"]
[Black "oldbookseller"]
[Result "1-0"]
[WhiteElo "1280"]
[BlackElo "998"]
[Opening "Robatsch (modern) defense"]
[ECO "B06"]
[Time "19:00:17"]
[TimeControl "2700+45"]

1. e4 g6 2. d4 Bg7 3. Nc3 d6 4. Be3 Nf6 5. f3 O-O 6. Bc4 e6 7. Nge2 Nc6 8. O-O
a6 9. Bb3 Rb8 10. Qd3 d5 11. e5 Nd7 12. a3 Ndxe5 13. Qd2 Nd7 14. Rab1 b5 15. Na2
a5 16. c3 a4 17. Bc2 Nb6 18. Bd3 Ba6 19. Nb4 Nc4 20. Bxc4 bxc4 21. Nxc6 Qc8 22.
Nxb8 Qxb8 23. Bf4 Bc8 24. Nc1 f6 25. Na2 e5 26. Bg3 Be6 27. Nb4 Qe8 28. dxe5
fxe5 29. Nxd5 Qd8 30. Rbd1 c6 31. Nb4 Qf6 32. Nxc6 Qf7 33. Bxe5 Rc8 34. Nd8 Qa7+
35. Kh1 Bxe5 36. Nxe6 Qe7 37. Qd7 Qh4 38. Qxc8+ Kf7 39. Nd8+ Kf6 40. Qe6+ {Black
resigns} 1-0

[Event "Team 45 45 League T46"]
[Site "Internet Chess Club"]
[Date "2010.08.17"]
[Round "2"]
[White "JeeniousChess"]
[Black "parrot9"]
[Result "1-0"]
[WhiteElo "1686"]
[BlackElo "1646"]
[Opening "QGA: 3.e4"]
[ECO "D20"]
[Time "16:00:43"]
[TimeControl "2700+45"]

1. d4 d5 2. c4 dxc4 3. e4 Nf6 4. e5 Nd5 5. Bxc4 e6 6. Nf3 a6 7. Nc3 Nxc3 8. bxc3
b5 9. Bd3 Bb7 10. O-O c5 11. Ba3 Nd7 12. Nd2 Nxe5 13. Bxh7 Rxh7 14. dxe5 Qh4 15.
h3 Bxg2 16. Qg4 Qxg4 17. hxg4 Bxf1 18. Rxf1 c4 19. Bxf8 Kxf8 20. a4 Rd8 21. Ne4
Rd3 22. axb5 axb5 23. Kg2 Ke7 24. Ra1 Rh4 25. f3 Rh8 26. Nc5 Rd2+ 27. Kg3 Rhh2
28. Ra7+ Kd8 29. Rxf7 g5 30. Nxe6+ Ke8 31. Nxg5 b4 32. e6 bxc3 33. Ne4 Rdg2+ 34.
Kf4 Rd2 35. Nf6+ Kd8 36. e7+ Kc7 37. e8=Q+ Kb6 38. Qb8+ {Black resigns} 1-0

[Event "Team 45 45 League T46"]
[Site "Internet Chess Club"]
[Date "2010.08.11"]
[Round "2"]
[White "Invicta-Knight"]
[Black "MarkNY"]
[Result "0-1"]
[WhiteElo "1523"]
[BlackElo "1816"]
[Opening "Center game: Paulsen attack"]
[ECO "C22"]
[Time "09:44:20"]
[TimeControl "2700+45"]

1. e4 e5 2. d4 exd4 3. Qxd4 Nc6 4. Qe3 Bb4+ 5. Nc3 d6 6. Bd2 Nf6 7. O-O-O O-O 8.
f4 Re8 9. Qg3 Nxe4 10. Nxe4 Rxe4 11. Bd3 Bxd2+ 12. Rxd2 Re8 13. Nf3 Nb4 14.
Bxh7+ Kxh7 15. Ng5+ Kg8 16. Qh4 Qf6 17. Qh7+ Kf8 18. Qh4 Qg6 19. Qh8+ Ke7 20.
Re1+ Be6 21. Qh4 Kd7 22. Nxe6 Rxe6 23. Qh3 f5 24. Re5 Rae8 25. a3 Rxe5 26. fxe5
Nc6 27. exd6 Re1+ 28. Rd1 Rxd1+ 29. Kxd1 Qxd6+ 30. Kc1 Qh6+ 31. Qxh6 gxh6 32.
Kd2 Ke6 33. Ke3 Ke5 34. c3 Na5 35. Kd3 Nb3 36. g3 Nc5+ 37. Kc4 Ne4 38. Kd3 Nf2+
39. Ke3 Ng4+ {White resigns} 0-1

[Event "Team 45 45 League T46"]
[Site "Internet Chess Club"]
[Date "2010.08.15"]
[Round "2"]
[White "BotanicalKnight"]
[Black "ElmerHo"]
[Result "0-1"]
[WhiteElo "1555"]
[BlackElo "1579"]
[Opening "Bishop's opening: Berlin defense"]
[ECO "C24"]
[Time "21:01:55"]
[TimeControl "2700+45"]

1. e4 e5 2. Bc4 Nf6 3. d3 c6 4. Bb3 d5 5. Nf3 Bd6 6. exd5 cxd5 7. O-O O-O 8. Bg5
Be6 9. Nc3 Bc7 10. Qe2 Nc6 11. Rad1 a6 12. a3 b5 13. Nh4 Nd4 14. Qd2 Nxb3 15.
cxb3 Qd6 16. f4 Qb6+ 17. d4 exd4 18. Qxd4 Qxd4+ 19. Rxd4 Bb6 20. Bxf6 gxf6 21.
f5 Bxd4+ 22. Kh1 {White resigns} 0-1

[Event "Team 45 45 League T46"]
[Site "Internet Chess Club"]
[Date "2010.08.15"]
[Round "2"]
[White "boozehound"]
[Black "crankn8tr"]
[Result "0-1"]
[WhiteElo "1448"]
[BlackElo "1451"]
[Opening "Sicilian: Alapin's variation (2.c3)"]
[ECO "B22"]
[Time "10:12:38"]
[TimeControl "2700+45"]

1. e4 c5 2. c3 d5 3. exd5 Qxd5 4. d4 cxd4 5. cxd4 Nc6 6. Nf3 Nf6 7. Nc3 Qa5 8.
Bd2 e6 9. Bc4 Be7 10. O-O O-O 11. Re1 Qd8 12. Bf4 a6 13. a4 Qb6 14. b3 Rd8 15.
Be3 Qc7 16. Qe2 Ng4 17. Rac1 Nxd4 18. Bxd4 Rxd4 19. h3 Nxf2 20. Nxd4 Nxh3+ 21.
gxh3 Bg5 22. Qe5 Qxe5 23. Rxe5 Bxc1 24. Nde2 Ba3 25. Kg2 g6 26. Ne4 Kg7 27. N2c3
Bd7 28. Rg5 Bc6 29. Kf1 Rd8 30. Rg3 Rd4 31. Re3 h6 32. Nf2 Bb4 33. Ne2 Rd2 34.
Ne4 Rd1+ 35. Kf2 Be1+ 36. Kf1 Bh4+ 37. Kg2 f5 38. Nc3 Rd2+ 39. Kf1 fxe4 40. Nxe4
Rd1+ 41. Ke2 Re1+ 42. Kd3 Rxe3+ 43. Kxe3 Bxe4 44. Kxe4 Kf6 45. b4 Be1 46. b5
axb5 47. Bxb5 b6 48. Bd7 e5 49. Be8 Bc3 50. Bd7 Ke7 51. Bb5 h5 52. Be2 Kf6 53.
Bb5 g5 54. Bd7 g4 55. hxg4 h4 56. Kf3 Kg5 57. Bf5 Be1 58. Kg2 Kf4 59. Bd7 e4 60.
Bc6 e3 61. Bf3 h3+ 62. Kxh3 Kxf3 63. g5 e2 64. g6 Bc3 65. a5 bxa5 66. g7 Bxg7
67. Kh2 e1=Q 68. Kh3 Qg3# {White checkmated} 0-1

[Event "Team 45 45 League T46"]
[Site "Internet Chess Club"]
[Date "2010.08.16"]
[Round "2"]
[White "taldeital"]
[Black "subterfuge"]
[Result "0-1"]
[WhiteElo "1489"]
[BlackElo "1735"]
[Opening "Queen's pawn: London system"]
[ECO "A45"]
[Time "17:25:54"]
[TimeControl "2700+45"]

1. d4 Nf6 2. Bf4 e6 3. h3 c5 4. dxc5 Bxc5 5. e3 Nc6 6. c3 d5 7. Nf3 Bd7 8. Bd3
Qe7 9. Bg5 h6 10. Bh4 e5 11. Be2 a5 12. Bxf6 gxf6 13. Qxd5 O-O-O 14. Qb3 Rhg8
15. Rg1 f5 16. Nbd2 Be6 17. Bc4 f4 18. Bxe6+ fxe6 19. e4 Bxf2+ 20. Kxf2 Qc5+ 21.
Ke2 Rg3 22. Rae1 Rxf3 23. Kd1 Rfd3 24. Qxe6+ Kb8 25. Kc1 Rxd2 26. Rd1 Qf2 27.
Rxd2 Qxd2+ 28. Kb1 Qd3+ {White resigns} 0-1

[Event "Team 45 45 League T46"]
[Site "Internet Chess Club"]
[Date "2010.08.13"]
[Round "2"]
[White "Warpdrive"]
[Black "LazyPeon"]
[Result "1-0"]
[WhiteElo "1609"]
[BlackElo "1557"]
[Opening "Caro-Kann: advance variation"]
[ECO "B12"]
[Time "18:02:59"]
[TimeControl "2700+45"]

1. e4 c6 2. d4 d5 3. e5 Bf5 4. Nf3 e6 5. Be2 Ne7 6. O-O Nd7 7. b3 c5 8. c4 cxd4
9. Qxd4 Nc6 10. Qf4 dxc4 11. Bxc4 Nb6 12. Bb5 Be7 13. Nd4 O-O 14. Bxc6 bxc6 15.
Nxc6 Qd7 16. Nxe7+ Qxe7 17. Ba3 {Black resigns} 1-0

[Event "Team 45 45 League T46"]
[Site "Internet Chess Club"]
[Date "2010.08.11"]
[Round "2"]
[White "smsxman"]
[Black "Xanther"]
[Result "0-1"]
[WhiteElo "1392"]
[BlackElo "1510"]
[Opening "French: Rubinstein variation"]
[ECO "C10"]
[Time "13:00:30"]
[TimeControl "2700+45"]

1. e4 e6 2. d4 d5 3. Nc3 dxe4 4. Nxe4 Be7 5. Nf3 Nf6 6. Nc3 Nc6 7. Be3 b6 8. Bb5
Bb7 9. O-O O-O 10. Re1 a6 11. Bd3 Bd6 12. Bf1 Ne7 13. g3 Ng6 14. Bg2 Ne4 15. a3
Nxc3 16. bxc3 f5 17. Bg5 Qd7 18. Ne5 Nxe5 19. dxe5 Bxg2 20. Kxg2 Qc6+ 21. Kg1
Bc5 22. Be3 Bxe3 23. Rxe3 Rad8 24. Qe2 a5 25. a4 f4 26. Rf3 fxg3 27. Rxg3 Rd7
28. c4 Rdf7 29. Rg2 Rf4 30. Rg4 Rxf2 31. Qxf2 Rxf2 32. Kxf2 Qc5+ 33. Kf3 Qxe5
34. Rag1 g6 35. h4 Qf5+ 36. Ke2 Qxc2+ 37. Ke3 Kf7 38. Rf4+ Kg7 39. Rgf1 Qc3+ 40.
Ke4 Qxc4+ 41. Ke5 Qd5# {White checkmated} 0-1

[Event "Team 45 45 League T46"]
[Site "Internet Chess Club"]
[Date "2010.08.14"]
[Round "2"]
[White "alaskauk"]
[Black "toukon"]
[Result "0-1"]
[WhiteElo "1522"]
[BlackElo "1666"]
[Opening "Sicilian: dragon variation"]
[ECO "B70"]
[Time "08:00:25"]
[TimeControl "2700+45"]

1. e4 c5 2. Nf3 d6 3. d4 cxd4 4. Nxd4 Nf6 5. Nc3 g6 6. Bd3 Bg7 7. O-O O-O 8. Be3
Ng4 9. Qd2 Nxe3 10. Qxe3 Nc6 11. Nb3 Be6 12. Rfe1 Qd7 13. Kh1 a6 14. Rab1 Rac8
15. Nd5 Bxd5 16. exd5 Ne5 17. h3 Rfe8 18. c3 Qa4 19. Ra1 Bh6 20. Qxh6 Nxd3 21.
Re2 Qb5 22. Rd2 Ne5 23. Nd4 Qa5 24. h4 Ng4 25. Qg5 Nf6 26. Nb3 Qb5 27. Re1 Qa4
28. Rde2 Rc7 29. h5 Qg4 30. Qxg4 Nxg4 31. hxg6 hxg6 32. f3 Ne5 33. Re3 Rc4 34.
Kg1 Rf4 35. Nd4 Kf8 36. Rf1 Nc4 37. Re2 Nb6 38. Rd2 Nxd5 39. Ne2 Rf5 40. Ng3 Rg5
41. Ne4 Re5 42. Rfd1 Nc7 43. Kf2 Ne6 44. Rh1 Kg7 45. Rhd1 Nc5 46. Nxc5 Rxc5 47.
Rd5 Rxd5 48. Rxd5 Rc8 49. Ke3 Rc5 50. Rd4 Kf6 51. Rf4+ Ke6 52. Rb4 b5 53. Rd4
Re5+ 54. Kf2 Rd5 55. Re4+ Kd7 56. Re2 e6 57. Kg3 Kc6 58. Kf2 Kc5 59. Rc2 a5 60.
b3 a4 61. c4 Rd4 62. cxb5+ Kxb5 63. bxa4+ Rxa4 64. Kg3 Ra7 65. Kg4 d5 66. Kf4 d4
67. Rd2 Kc4 68. Ke4 Rd7 69. Rc2+ Kb4 70. Rd2 f5+ 71. Kd3 e5 72. Re2 Re7 73. Rc2
Kb5 74. Rc4 Ra7 75. Rc2 Ra3+ 76. Kd2 Kb4 77. Rb2+ Kc4 78. Rc2+ Kd5 79. Rb2 e4
80. fxe4+ fxe4 81. Ke2 Kc4 82. Rc2+ Rc3 83. Rb2 Ra3 84. Rc2+ Kd5 85. Rb2 Kc4 86.
Rc2+ Kb4 87. Rc6 Rxa2+ 88. Kf1 Ra1+ 89. Ke2 d3+ 90. Ke3 Re1+ 91. Kd4 d2 92. Rb6+
Ka5 93. Kc5 d1=Q 94. Rb5+ Ka4 {White resigns} 0-1

[Event "Team 45 45 League T46"]
[Site "Internet Chess Club"]
[Date "2010.08.14"]
[Round "2"]
[White "KidCopperhead"]
[Black "Tjet"]
[Result "0-1"]
[WhiteElo "1401"]
[BlackElo "1547"]
[Opening "King's pawn opening"]
[ECO "B07"]
[Time "20:01:21"]
[TimeControl "2700+45"]

1. e4 d6 2. d4 e5 3. d5 a6 4. Nc3 g6 5. Nf3 Bg7 6. Bc4 b5 7. Bd3 Nf6 8. O-O O-O
9. Be3 Bb7 10. a3 c5 11. b4 c4 12. Be2 Nbd7 13. a4 Nb6 14. axb5 axb5 15. Rxa8
Bxa8 16. Nxb5 Nxe4 17. Bxb6 Qxb6 18. Bxc4 Bb7 19. Qd3 Nf6 20. Rb1 e4 21. Qd1
exf3 22. Qxf3 Nd7 23. Nc3 Ne5 24. Qg3 Nxc4 25. Ne4 Bxd5 26. Nc3 Bxc3 27. Qxc3
Re8 28. Rd1 Be6 29. h3 d5 30. Qb3 Rb8 31. c3 Ra8 32. Qc2 Qa7 33. Qd3 Nb2 34. Qd2
Nxd1 35. Qxd1 Qa1 36. Qf1 Qxf1+ 37. Kxf1 Rc8 38. f3 Rxc3 39. Kf2 Rb3 40. Kg3
Rxb4 41. f4 d4 42. Kf3 Bd5+ 43. Kf2 Rb2+ 44. Kg3 f5 45. h4 Rxg2+ 46. Kh3 Rg4 47.
h5 gxh5 48. Kh2 d3 49. Kh3 d2 50. Kh2 d1=Q 51. Kh3 Qf3+ 52. Kh2 Qg2# {White
checkmated} 0-1

[Event "Team 45 45 League T46"]
[Site "Internet Chess Club"]
[Date "2010.08.15"]
[Round "2"]
[White "dpmdpm"]
[Black "Jazzy-Jeff"]
[Result "1/2-1/2"]
[WhiteElo "1429"]
[BlackElo "1203"]
[Opening "French: exchange variation"]
[ECO "C01"]
[Time "13:00:22"]
[TimeControl "2700+45"]

1. e4 e6 2. d4 d5 3. exd5 exd5 4. Nf3 Bd6 5. Be3 Ne7 6. c4 c6 7. c5 Bc7 8. Nc3
Ba5 9. Qc2 Bf5 10. Bd3 Bxd3 11. Qxd3 b6 12. cxb6 Qxb6 13. Rb1 g6 14. O-O O-O 15.
a3 Qb7 16. b4 Bc7 17. Na4 Qa6 18. Qb3 Nd7 19. Nc5 Nxc5 20. bxc5 Rab8 21. Qa2 Nf5
22. Rfe1 Rfe8 23. Rxb8 Bxb8 24. Bd2 Rd8 25. Bb4 Qd3 26. Qe2 Qb3 27. Ne5 Re8 28.
Qf3 Qxf3 29. Nxf3 Rxe1+ 30. Nxe1 Nxd4 31. Nd3 Nc2 32. Kf1 Nd4 33. a4 Bc7 34. Bc3
Nb3 35. Be5 Bxe5 36. Nxe5 Nxc5 37. Nxc6 Nxa4 38. Nxa7 d4 39. Ke2 Nc5 40. Nb5 Nb3
41. Kd3 Kg7 42. Nxd4 Nc1+ 43. Ke3 Kf6 44. f4 g5 45. g4 gxf4+ 46. Kxf4 Nd3+ 47.
Kg3 h5 48. gxh5 Kg5 {Game drawn by mutual agreement} 1/2-1/2

[Event "Team 45 45 League T46"]
[Site "Internet Chess Club"]
[Date "2010.08.16"]
[Round "2"]
[White "KidBoa"]
[Black "otib2006"]
[Result "0-1"]
[WhiteElo "1271"]
[BlackElo "1304"]
[Opening "Sicilian: closed"]
[ECO "B23"]
[Time "15:00:21"]
[TimeControl "2700+45"]

1. e4 c5 2. Nc3 d6 3. Bb5+ Bd7 4. Bxd7+ Nxd7 5. Nf3 e6 6. d4 Ngf6 7. e5 dxe5 8.
dxe5 Ng4 9. Bf4 Qc7 10. O-O Be7 11. Nb5 Qc6 12. Nd6+ Bxd6 13. Qxd6 Qxd6 14. exd6
O-O 15. h3 e5 16. Bd2 Ngf6 17. b4 Ne4 18. bxc5 Nexc5 19. Bb4 e4 20. Bxc5 exf3
21. Bb4 fxg2 22. Kxg2 a5 23. Bc3 Rfe8 24. Rfe1 Rxe1 25. Rxe1 Rc8 26. Bxa5 h6 27.
Re7 Rc5 28. Rxd7 Rxa5 29. Rd8+ Kh7 30. d7 Rd5 31. Kf3 Kg6 32. Ke4 Rd6 33. c4 Kf6
34. c5 Rd2 35. a4 Ke6 36. f4 Rxd7 37. Rxd7 Kxd7 38. Kd5 f6 39. h4 g5 40. fxg5
fxg5 41. hxg5 hxg5 42. Ke5 g4 43. Kf4 g3 44. Kxg3 Kc6 45. Kf4 Kxc5 46. Ke4 Kb4
47. Kd3 Kxa4 48. Kc3 Kb5 49. Kb2 Kb4 50. Kb1 Ka3 51. Ka1 b5 52. Kb1 Kb3 53. Ka1
Kc2 54. Ka2 b4 55. Ka1 Kc3 56. Ka2 Kc2 57. Ka1 Kb3 58. Kb1 Ka3 59. Ka1 Kb3 60.
Kb1 Kc3 61. Ka1 Kc2 62. Ka2 b3+ 63. Ka1 b2+ 64. Ka2 b1=Q+ 65. Ka3 Kc3 66. Ka4
Kc4 67. Ka3 Qb3# {White checkmated} 0-1

[Event "Team 45 45 League T46"]
[Site "Internet Chess Club"]
[Date "2010.08.14"]
[Round "2"]
[White "crazyhorses"]
[Black "Just-Jim"]
[Result "1-0"]
[WhiteElo "1552"]
[BlackElo "1255"]
[Opening "Ruy Lopez: Cozio defense"]
[ECO "C60"]
[Time "16:00:17"]
[TimeControl "2700+45"]

1. e4 e5 2. Nf3 Nc6 3. Bb5 Nge7 4. O-O Ng6 5. c3 a6 6. Ba4 d6 7. d4 Bd7 8. Nbd2
Be7 9. Re1 O-O 10. Nf1 b5 11. Bc2 f5 12. d5 Na5 13. exf5 Bxf5 14. Ne3 Bxc2 15.
Qxc2 Nh4 16. Nd2 Bg5 17. Ne4 Nb7 18. Qe2 Nc5 19. Nxg5 Qxg5 20. Qg4 Qf6 21. Rf1
Nd3 22. f3 e4 23. fxe4 Nf2 24. Qe2 Nh3+ 25. gxh3 Qg5+ 26. Kh1 Rxf1+ 27. Qxf1 Rf8
28. Nf5 Qf6 29. Be3 Nxf5 30. Qxf5 Qxf5 31. exf5 Rxf5 32. Bd4 Rxd5 33. Rg1 g6 34.
Rf1 c5 35. Be3 Rd3 36. Bh6 Rxh3 37. Rf8# {Black checkmated} 1-0

[Event "Team 45 45 League T46"]
[Site "Internet Chess Club"]
[Date "2010.08.13"]
[Round "2"]
[White "medsurg"]
[Black "mongmong"]
[Result "1-0"]
[WhiteElo "1327"]
[BlackElo "1438"]
[Opening "French: Winawer, advance, poisoned pawn, Konstantinopolsky variation"]
[ECO "C18"]
[Time "20:00:25"]
[TimeControl "2700+45"]

1. e4 e6 2. d4 d5 3. Nc3 Bb4 4. e5 Ne7 5. a3 Bxc3+ 6. bxc3 c5 7. Qg4 cxd4 8.
Qxg7 Rg8 9. Qxh7 Qc7 10. Ne2 Qxe5 11. cxd4 Qf6 12. Qd3 b6 13. Qb5+ Bd7 14. Qd3
Nbc6 15. c3 Na5 16. h4 O-O-O 17. Bf4 Nc4 18. a4 Qg6 19. Qxg6 Nxg6 20. Bg5 Rde8
21. h5 Nh8 22. Bf6 Kb7 23. Nc1 Na5 24. g3 Rc8 25. Kd2 Rc6 26. Bb5 Rc7 27. Be5
Nc4+ 28. Bxc4 Rxc4 29. a5 Rgc8 30. Ne2 Ra4 31. axb6 Rxa1 32. Rxa1 axb6 33. g4
Bb5 34. Nf4 Rg8 35. Rd1 Rxg4 36. Ke3 Rg8 37. h6 Bd7 38. Rh1 Rc8 39. Kd2 f5 40.
Rg1 Nf7 41. h7 Nxe5 42. dxe5 Rh8 43. Rg7 Kc6 44. Ng6 Rxh7 45. Rxh7 {Black
resigns} 1-0

[Event "Team 45 45 League T46"]
[Site "Internet Chess Club"]
[Date "2010.08.14"]
[Round "2"]
[White "seattleblues"]
[Black "milesotoole"]
[Result "1-0"]
[WhiteElo "1297"]
[BlackElo "1438"]
[Opening "Sicilian: Alapin's variation (2.c3)"]
[ECO "B22"]
[Time "22:00:10"]
[TimeControl "2700+45"]

1. e4 c5 2. c3 g6 3. d4 cxd4 4. cxd4 d5 5. e5 Bg7 6. Bd3 Nc6 7. Nf3 Bg4 8. Bb5
Nh6 9. Nc3 O-O 10. Bxc6 bxc6 11. h3 Bxf3 12. Qxf3 Nf5 13. Ne2 Qb6 14. Qc3 Rac8
15. b4 f6 16. Bf4 Qa6 17. Qd2 fxe5 18. Bxe5 Nd6 19. Bxg7 Kxg7 20. O-O Nc4 21.
Qc3 Rce8 22. Nc1 e5 23. Nd3 exd4 24. Qxd4+ Kg8 25. Nc5 Qb6 26. f3 Qxb4 27. Nd7
Rf7 28. Nf6+ Kf8 29. Nxe8 Kxe8 30. Rfe1+ Kd7 31. Qxa7+ {Black resigns} 1-0

[Event "Team 45 45 League T46"]
[Site "Internet Chess Club"]
[Date "2010.08.15"]
[Round "2"]
[White "Toalla"]
[Black "guyd52"]
[Result "1-0"]
[WhiteElo "1175"]
[BlackElo "1203"]
[Opening "Pirc: classical (two knights) system"]
[ECO "B08"]
[Time "06:08:29"]
[TimeControl "2700+45"]

1. e4 g6 2. Nf3 d6 3. d4 Nf6 4. Nc3 Bg7 5. Bd3 O-O 6. h3 Nbd7 7. O-O e5 8. Re1
exd4 9. Nxd4 Ne5 10. Be2 a6 11. f4 Nc6 12. Nxc6 bxc6 13. Bf3 Ne8 14. Ne2 c5 15.
c3 Bb7 16. Ng3 Rb8 17. Be3 Ba8 18. Rb1 h5 19. e5 Qh4 20. Ne4 dxe5 21. Bxc5 Rd8
22. Qa4 Bxe4 23. fxe5 Qg3 24. Qxe4 Nd6 25. exd6 Rfe8 26. dxc7 Qxc7 27. Qc4 Qg3
28. Bf2 Qd6 29. Red1 Qf6 30. Bd4 Qf4 31. Bd5 Bxd4+ 32. Qxd4 Re2 33. Qxf4 {Black
forfeits on time} 1-0

[Event "Team 45 45 League T46"]
[Site "Internet Chess Club"]
[Date "2010.08.15"]
[Round "2"]
[White "RamRock"]
[Black "CaoCao"]
[Result "1/2-1/2"]
[WhiteElo "1813"]
[BlackElo "1951"]
[Opening "Ruy Lopez: Schliemann defense"]
[ECO "C63"]
[Time "16:06:43"]
[TimeControl "2700+45"]

1. e4 e5 2. Nf3 Nc6 3. Bb5 f5 4. d3 fxe4 5. dxe4 Nf6 6. O-O d6 7. Nc3 Be7 8. Ng5
h6 9. Nf3 O-O 10. h3 Be6 11. Re1 a6 12. Ba4 Kh7 13. Nd5 Nb8 14. Bb3 Nxd5 15.
Bxd5 Bxd5 16. Qxd5 Nc6 17. Be3 Qe8 18. Nh2 Qf7 19. Qd2 Nd8 20. Nf1 Ne6 21. Ng3
Bg5 22. Nf5 g6 23. Nxh6 Kxh6 24. Bxg5+ Nxg5 25. h4 Qf4 26. hxg5+ Qxg5 27. Qc3
Rf7 28. Rad1 Raf8 29. Qh3+ Kg7 30. Qg3 Qxg3 31. fxg3 Rf2 32. Rc1 Rd2 33. Rf1
Rxf1+ 34. Kxf1 Kf6 35. b3 Kg5 36. c4 {Game drawn by mutual agreement} 1/2-1/2

[Event "Team 45 45 League T46"]
[Site "Internet Chess Club"]
[Date "2010.08.13"]
[Round "2"]
[White "kabindra"]
[Black "picante"]
[Result "1-0"]
[WhiteElo "1835"]
[BlackElo "1792"]
[Opening "Sicilian: Labourdonnais-Löwenthal (Kalashnikov) variation"]
[ECO "B32"]
[Time "09:28:22"]
[TimeControl "2700+45"]

1. e4 c5 2. Nf3 Nc6 3. d4 cxd4 4. Nxd4 e5 5. Nb5 d6 6. Bc4 Be6 7. Bxe6 fxe6 8.
Qh5+ g6 9. Qg4 Qd7 10. Bg5 Be7 11. Qh4 Bxg5 12. Qxg5 Nge7 13. N1c3 a6 14. Na3 b5
15. Ne2 O-O 16. O-O Rac8 17. c3 b4 18. Nc4 bxc3 19. Nb6 Qc7 20. Nxc8 cxb2 21.
Nxe7+ {Black resigns} 1-0

[Event "Team 45 45 League T46"]
[Site "Internet Chess Club"]
[Date "2010.08.14"]
[Round "2"]
[White "John3v16"]
[Black "Twan709"]
[Result "0-1"]
[WhiteElo "1739"]
[BlackElo "1797"]
[Opening "English: four knights, 4.e3"]
[ECO "A28"]
[Time "09:00:22"]
[TimeControl "2700+45"]

1. c4 e5 2. Nc3 Nf6 3. Nf3 Nc6 4. e3 Bb4 5. d4 exd4 6. exd4 O-O 7. Be2 Ne4 8.
Qc2 Re8 9. d5 Na5 10. O-O Bxc3 11. bxc3 d6 12. Nd4 c5 13. dxc6 Nxc6 14. Bd3 Nf6
15. Nxc6 bxc6 16. h3 h6 17. Be3 Be6 18. c5 Nd5 19. Rad1 Nxe3 20. fxe3 Qg5 21.
Rf3 Qxc5 22. Rdf1 Re7 23. Rg3 Rae8 24. Rff3 Bd5 25. Rf6 Rxe3 26. Rxg7+ Kxg7
{White resigns} 0-1

[Event "Team 45 45 League T46"]
[Site "Internet Chess Club"]
[Date "2010.08.15"]
[Round "2"]
[White "cepheid"]
[Black "RD1974"]
[Result "0-1"]
[WhiteElo "1664"]
[BlackElo "1850"]
[Opening "Scandinavian: Pytel-Wade variation"]
[ECO "B01"]
[Time "19:01:04"]
[TimeControl "2700+45"]

1. e4 d5 2. exd5 Qxd5 3. Nc3 Qd6 4. g3 Nf6 5. Bg2 a6 6. d4 Nc6 7. d5 Nb8 8. Nf3
Bg4 9. Bf4 Qb6 10. Rb1 c6 11. dxc6 Nxc6 12. Be3 Qa5 13. O-O Rd8 14. Qe1 e6 15.
Nd2 Bb4 16. Nc4 Qh5 17. f3 Bf5 18. g4 Bxg4 19. fxg4 Nxg4 20. h3 Nxe3 21. Nxe3
Qe5 22. Kh1 O-O 23. a3 Ba5 24. Nc4 Bxc3 25. Nxe5 Bxe1 26. Nxc6 bxc6 27. Rfxe1 c5
28. Re5 c4 29. Rc5 Rd4 30. c3 Rf4 31. Rd1 Rf2 32. Rxc4 Rxb2 33. Ra4 Rc2 34. Rd3
Rc1+ 35. Kh2 g6 36. Rxa6 Rb8 37. a4 Kg7 38. Rd2 Rxc3 39. Ra2 Rbb3 40. a5 e5 41.
Rc6 Re3 42. a6 Ra3 43. Rxa3 Rxa3 44. Rd6 Ra2 45. Kg1 Kh6 46. Bf1 e4 {White
forfeits on time} 0-1